 Seeded DCSS version 0.28.0-45-g0d030f2227 (webtiles) character file.

Game seed: 4592842077123783044 (custom seed)

256 dualclasshuman the Magician (level 6, -2/40 HPs)
             Began as a Djinni Fire Elementalist on Apr 7, 2022.
             Was an Initiate of Makhleb.
             Slain by a killer bee (3 damage)
             ... on level 4 of the Dungeon on Apr 11, 2022.
             The game lasted 00:07:32 (4296 turns).

dualclasshuman the Magician (DjFE)                  Turns: 4296, Time: 00:07:33

Health: -2/40      AC:  3    Str:  7    XL:     6   Next: 38%
Gold:   145        EV: 12    Int: 18    God:    Makhleb [......] SH:  0 Dex: 14

rFire   + + .      SeeInvis .   m - +10 mace of Magnificence {flame, Fragile +Blink Stlth+}
rCold   x . .      Faith    .   (no shield)
rNeg    . . .      Spirit   .   a - +0 robe
rPois   ∞          Reflect  .   (no helmet)
rElec   .          Harm     .   k - +0 cloak
rCorr   .          Rampage  .   (no gloves)
Will    .....                   (boots unavailable)
Stlth   +++.......              (no amulet)
HPRegen 0.13/turn               (no ring)
MPRegen 0.00/turn               (no ring)

@: flying, very slightly contaminated
A: sickness immunity, fire resistance 2, cold vulnerability 1, float, innate
caster, HP casting, extra vitality 1
a: Renounce Religion, Evoke Blink


You were on level 4 of the Dungeon.
You worshipped Makhleb.
Makhleb was noncommittal.
You visited 1 branch of the dungeon, and saw 4 of its levels.

You collected 145 gold pieces.

Inventory:

Hand Weapons
 m - the +10 mace of Magnificence (weapon) {flame, Fragile +Blink Stlth+}
   (You found it on level 2 of the Dungeon)

   It burns those it strikes, dealing additional fire damage.
   +Blink:    It lets you blink.
   Fragile:   It will be destroyed if unequipped.
   Stlth:     It makes you more stealthy.
Missiles
 d - 6 curare-tipped darts
 e - 6 poisoned darts
Armour
 a - a +0 robe (worn)
 k - a +0 cloak (worn)
Jewellery
 o - an amulet of the acrobat
Wands
 r - a wand of paralysis (4)
Scrolls
 b - 4 scrolls of identify {unknown}
 c - a scroll of enchant armour {unknown}
 f - a scroll of enchant weapon {unknown}
 h - 2 scrolls of magic mapping {unknown}
 l - a scroll of acquirement {unknown}
 q - a scroll of vulnerability {unknown}
 s - a scroll of teleportation {unknown}
Potions
 g - 2 potions of mutation {unknown}
 i - 2 potions of attraction {unknown}
 j - a potion of invisibility {unknown}
 n - a potion of lignification {unknown}
 p - a potion of brilliance {unknown}
 t - a potion of might {unknown}


   Skills:
 + Level 0.1 Fighting
 + Level 2.7 Dodging
 + Level 1.9 Stealth
 + Level 4.9 Spellcasting


You couldn't memorise any spells.
You knew the following spells:

 Your Spells              Type           Power      Damage    Failure   Level
a - Foxfire               Conj/Fire      88%        2x1d8     1%          1
b - Scorch                Fire           44%        2d7       2%          2
c - Conjure Flame         Conj/Fire      22%        6-21      5%          3
d - Inner Flame           Hex/Fire       22%        N/A       5%          3
e - Flame Wave            Conj/Fire      22%        2d7       17%         4
f - Freeze                Ice            88%        1d10      1%          1
g - Poisonous Vapours     Pois/Air       44%        N/A       2%          2
Your spell library was empty.

Dungeon Overview and Level Annotations

Branches:
Dungeon (4/15)
 Temple: D:4-7

Altars:
Makhleb

Shops:
D:1 =****

Annotations:
D:4 1 runed translucent door, Crazy Yiuf


Innate Abilities, Weirdness & Mutations

You are immune to sickness and miasma.
You are immune to poison.
Your flesh is very heat resistant. (rF++)
You are vulnerable to cold. (rC-)
You float through the air rather than walking.
You learn spells naturally, not from books.
Your magical power is your life essence.
You have superior vitality. (+4 MHP)


Message History

The killer bee barely resists.
The killer bee buzzes angrily.
The killer bee stings you. The killer bee misses you.
Casting: Inner Flame (dangerous; 5% risk of failure)
Confirm with . or Enter, or press ? or * to list all spells.
Aiming: Poisonous Vapours (safe; 2% risk of failure)
Press: ? - help, Dir - move target, f/p - killer bee
Aim: a killer bee
Okay, then.
Casting: Poisonous Vapours (safe; 2% risk of failure)
Confirm with . or Enter, or press ? or * to list all spells.
The spell is quite dangerous to miscast (17% risk of failure)!
Continue anyway?
Casting: Flame Wave (quite dangerous; 17% risk of failure)
Press: ? - help, Dir - look around, f - activate You can't see that place.
You miscast Flame Wave.
You are very lightly contaminated with residual magic.
You are blasted with magical energy!
The killer bee buzzes angrily. x2; You hear a bark!
The killer bee barely misses you. The killer bee closely misses you. x2
A jackal comes into view.
Casting: Flame Wave (quite dangerous; 17% risk of failure)
Confirm with . or Enter, or press ? or * to list all spells.
The spell is quite dangerous to miscast (17% risk of failure)!
Continue anyway?
Casting: Flame Wave (quite dangerous; 17% risk of failure)
Press: ? - help, Dir - look around, f - activate You can't see that place.
A wave of flame ripples out!
The flame wave engulfs the killer bee.
The killer bee is lightly wounded.
The flame wave engulfs the killer bee!
The killer bee is heavily wounded. (Press . to intensify the flame waves.)
You hear a bark!
The killer bee stings you.
* * * LOW HITPOINT WARNING * * *
The killer bee stings you.
* * * LOW HITPOINT WARNING * * *
Without enough magic to sustain them, the waves of flame dissipate.
The killer bee stings you.
You die...

#........ ..## ##......##
#.###..##...#####........#
#.##...# #...............#
.......# ..>####..#...#..#
.......# ...###...##..# .#
..#..)................# .
#.#..##...............#
.............#...y#...#
..#......######.@y#...#
.....#..### #.##y...#
#..###....# #.. ..h.h.
........# ##. .......y
......### .. ......h.y
.......## ..#........h
........###. ..# .....[
.............>.
........##...


You could see 3 killer bees and 3 jackals.

Vanquished Creatures
  A sky beast (D:3)
  A hound (D:4)
  6 adders
  A worm (D:2)
  A dart slug (D:2)
  An orc (D:3)
  8 ball pythons
  6 endoplasms
  3 giant cockroaches
  6 goblins
  9 hobgoblins
  5 jackals (D:1)
  3 kobolds
  3 quokkas
  4 bats
  6 frilled lizards
  8 rats
72 creatures vanquished.

Vanquished Creatures (collateral kills)
  6 foxfires (D:1)
6 creatures vanquished.

Vanquished Creatures (others)
  212 foxfires
  A plant (D:1)
213 creatures vanquished.

Grand Total: 291 creatures vanquished

Notes
Turn   | Place    | Note
-------+----------+-------------------------------------------
     0 | D:1      | dualclasshuman the Djinni Fire Elementalist began the quest
                  | for the Orb.
     0 | D:1      | Reached XP level 1. HP: 15/15 MP: 0/0
   386 | D:1      | Found Covamial's Jewellery Boutique.
   412 | D:1      | Reached XP level 2. HP: 19/21 MP: 0/0
   450 | D:1      | Found Vickarri's General Store.
   464 | D:1      | Found Hytrarch's General Store.
   489 | D:1      | Found Mumn's General Store.
   836 | D:1      | Found Nonosk's General Store.
   902 | D:1      | Reached skill level 3 in Spellcasting
   957 | D:1      | Reached XP level 3. HP: 20/25 MP: 0/0
   957 | D:1      | Learned a level 1 spell: Freeze
  1843 | D:2      | Reached XP level 4. HP: 28/31 MP: 0/0
  2134 | D:2      | Identified the +10 mace of Magnificence {flame, Fragile
                  | +Blink Stlth+}
  2763 | D:3      | Found a burning altar of Makhleb.
  2773 | D:3      | Became a worshipper of Makhleb the Destroyer
  2790 | D:3      | Noticed a sky beast
  2793 | D:3      | Killed a sky beast
  2794 | D:3      | Reached skill level 4 in Spellcasting
  2794 | D:3      | Reached XP level 5. HP: 24/35 MP: 0/0
  2794 | D:3      | Learned a level 2 spell: Poisonous Vapours
  3160 | D:3      | Reached XP level 6. HP: 21/40 MP: 0/0
  4150 | D:4      | Found a runed translucent door.
  4151 | D:4      | Noticed Crazy Yiuf
  4295 | D:4      | HP: 1/40 [killer bee (6)]
  4296 | D:4      | Slain by a killer bee

Illustrated notes

Levels and vault maps discovered:
D:1:      tarquinn_simple_flora_water_e, layout_rooms, serial_shops, shop, shop,
          shop, shop, nicolae_shop_behind_doors, serial_bayou_pond_c,
          chequers_serial_rivers_micro_a, minmay_tall_x
D:2:      layout_loops_ring, minmay_tromino_v4_c
D:3:      layout_rooms, mainiacjoe_overflow_small_starburst,
          minmay_fractal_squares_gapless_5
D:4:      layout_cave_pools, nicolae_stop_n_shop_2, serial_bayou_pond_e,
          uniq_crazy_yiuf_cottage

Skill      XL: |  1  2  3  4 |
---------------+-------------+-----
Spellcasting   | 3 4 |  4.9
Fighting       | |  0.1
Dodging        | |  2.7
Stealth        | |  1.9

Action                   |  1- 3 |  4- 6 || total
-------------------------+-------+-------++-------
 Cast: Foxfire           |    78 |    52 ||   130
       Scorch            |     3 |    10 ||    13
       Inner Flame       |       |    14 ||    14
       Poisonous Vapours |       |    11 ||    11
       Flame Wave        |       |     1 ||     1
Dodge: Dodged            |     1 |     5 ||     6
